ORI
UNIVERSITY OF MIAMI HURRICANES @ UNIVERSITY OF FLORIDA GATORS
08/16/2048
 
TOP OF THE 1ST
University of Miami Hurricanes batting - Pitching for University of Florida Gators : LHP Alexander Collins
Pitching: RHP Roberto Santiago
Batting: SHB Taylor Shelton 0-0: Foul Ball, location: 2F
0-1: Ball
1-1: Ball
2-1: SINGLE (Groundball, 3L, EV 97.5 MPH)
Batting: RHB Danny Gallardo 0-0: Called Strike
0-1: Ball
1-1: Called Strike
Taylor Shelton is caught stealing 2nd base 2-4
1-2: Ball
2-2: Ball
3-2: Base on Balls
Batting: RHB Burke Miller 0-0: Called Strike
Danny Gallardo steals 2nd base
0-1: Ball
1-1: Foul Ball, location: 2F
1-2: Foul Ball, location: 2F
1-2: Ball
2-2: Ball
3-2: Ground out 5-3 (Groundball, 56S, EV 81.9 MPH)
Batting: RHB Luke Jensen 0-0: Ball
1-0: Ground out U3 (Groundball, 3, EV 95.0 MPH)
Top of the 1st over - 0 runs, 1 hit, 0 errors, 1 left on base; University of Miami 0 - University of Florida 0
BOTTOM OF THE 1ST
University of Florida Gators batting - Pitching for University of Miami Hurricanes : RHP Alberto Arellano
Pitching: RHP Alberto Arellano
Batting: LHB Terry Bayer 0-0: Ball
1-0: Ball
2-0: Called Strike
2-1: Ball
3-1: Foul Ball, location: 2F
3-2: Foul Ball, location: 2F
3-2: Strikes out swinging
Batting: RHB Luis Cabera 0-0: Ball
1-0: Ball
2-0: Ground out 4-3 (Groundball, 4, EV 101.2 MPH)
Batting: RHB Ben Bailey 0-0: Called Strike
0-1: Foul Ball, location: 2F
0-2: Ball
1-2: Ball
2-2: Fly out, F4 (Popup, 4S, EV 65.6 MPH)
Bottom of the 1st over - 0 runs, 0 hits, 0 errors, 0 left on base; University of Miami 0 - University of Florida 0
TOP OF THE 2ND
University of Miami Hurricanes batting - Pitching for University of Florida Gators : RHP Roberto Santiago
Batting: RHB Luis Sanchez 0-0: Called Strike
0-1: Ground out 5-3 (Groundball, 5S, EV 85.0 MPH)
Batting: LHB Brian Woods 0-0: Foul Ball, location: 2F
0-1: Fly out, F8 (Flyball, 8LD, EV 87.5 MPH)
Batting: RHB Chris Zubia 0-0: Ball
1-0: Swinging Strike
1-1: Ball
2-1: Ball
3-1: Fly out, F6 (Line Drive, 4M, EV 69.4 MPH)
Top of the 2nd over - 0 runs, 0 hits, 0 errors, 0 left on base; University of Miami 0 - University of Florida 0
BOTTOM OF THE 2ND
University of Florida Gators batting - Pitching for University of Miami Hurricanes : RHP Alberto Arellano
Batting: SHB Nelson Carachure 0-0: Swinging Strike
0-1: Ball
1-1: Ball
2-1: Foul Ball, location: 2F
2-2: Foul Ball, location: 2F
2-2: Ground out 4-3 (Groundball, 4, EV 98.1 MPH)
Batting: RHB Robert Mason 0-0: Called Strike
0-1: Foul Ball, location: 2F
0-2: Strikes out looking
Batting: RHB Lião Weishampt 0-0: Foul Ball, location: 2F
0-1: Ball
1-1: Foul Ball, location: 2F
1-2: Ground out 6-3 (Groundball, 6, EV 85.0 MPH)
Bottom of the 2nd over - 0 runs, 0 hits, 0 errors, 0 left on base; University of Miami 0 - University of Florida 0
TOP OF THE 3RD
University of Miami Hurricanes batting - Pitching for University of Florida Gators : RHP Roberto Santiago
Pitching: LHP Bill White
Batting: LHB Juan Zuniga 0-0: Hit by Pitch
Batting: RHB Justin Jackson 0-0: Ball
1-0: Foul Ball, location: 2F
1-1: Ball
2-1: Swinging Strike
2-2: Strikes out swinging
Batting: SHB Taylor Shelton 0-0: Called Strike
0-1: Swinging Strike
Juan Zuniga is caught stealing 2nd base 2-4
0-2: Hit by Pitch
Batting: RHB Danny Gallardo 0-0: Ball
Taylor Shelton steals 2nd base
1-0: Called Strike
1-1: Ball
2-1: Ground out 5-3 (Groundball, 5, EV 82.5 MPH)
Top of the 3rd over - 0 runs, 0 hits, 0 errors, 1 left on base; University of Miami 0 - University of Florida 0
BOTTOM OF THE 3RD
University of Florida Gators batting - Pitching for University of Miami Hurricanes : RHP Alberto Arellano
Batting: RHB Gong-sun Law 0-0: Called Strike
0-1: Ball
1-1: DOUBLE (Line Drive, 89D, EV 101.9 MPH)
Batting: RHB Elliott Pye 0-0: Ball
1-0: SINGLE (Groundball, 4D, EV 99.4 MPH)
Gong-sun Law to third
Runner from 3rd tries for Home, SAFE, throw by RF to home
Batting: RHB Juan Lopez 0-0: Called Strike
Elliott Pye steals 2nd base
0-1: Foul Ball, location: 2F
0-2: Ball
1-2: Ball
2-2: Foul Ball, location: 2F
2-2: Strikes out looking
Batting: LHB Terry Bayer 0-0: Called Strike
0-1: Ball
1-1: Foul Ball, location: 2F
1-2: Ball
2-2: Foul Ball, location: 2F
2-2: SINGLE (Groundball, 4S, EV 68.1 MPH) (infield hit)
Elliott Pye to third
Batting: RHB Luis Cabera 0-0: Ball
Terry Bayer steals 2nd base (no throw)
1-0: Ball
2-0: Ground out 4-3 (Groundball, 4, EV 103.8 MPH)
Elliott Pye scores
Terry Bayer to third
Batting: RHB Ben Bailey 0-0: Ball
1-0: Ball
2-0: Ground out 6-3 (Groundball, 6, EV 91.2 MPH)
Bottom of the 3rd over - 2 runs, 3 hits, 0 errors, 1 left on base; University of Miami 0 - University of Florida 2
TOP OF THE 4TH
University of Miami Hurricanes batting - Pitching for University of Florida Gators : LHP Bill White
Batting: RHB Burke Miller 0-0: Ball
1-0: Ball
2-0: Ball
3-0: Called Strike
3-1: Base on Balls
Batting: RHB Luke Jensen 0-0: Ball
1-0: Swinging Strike
1-1: Swinging Strike
1-2: Foul Ball, location: 2F
1-2: Ball
2-2: Foul Ball, location: 2F
2-2: Ball
3-2: Foul Ball, location: 2F
3-2: Strikes out looking
Batting: RHB Luis Sanchez 0-0: Ball
Burke Miller is caught stealing 2nd base 2-4
1-0: Called Strike
1-1: Ground out 4-3 (Groundball, 4, EV 78.1 MPH)
Top of the 4th over - 0 runs, 0 hits, 0 errors, 0 left on base; University of Miami 0 - University of Florida 2
BOTTOM OF THE 4TH
University of Florida Gators batting - Pitching for University of Miami Hurricanes : RHP Alberto Arellano
Batting: SHB Nelson Carachure 0-0: Foul Ball, location: 2F
0-1: Called Strike
0-2: Strikes out swinging
Batting: RHB Robert Mason 0-0: Ball
1-0: Foul Ball, location: 2F
1-1: Ball
2-1: Swinging Strike
2-2: Foul Ball, location: 2F
2-2: Foul Ball, location: 2F
2-2: Ball
3-2: Base on Balls
Batting: RHB Lião Weishampt 0-0: Ball
1-0: Foul Ball, location: 2F
1-1: Ball
2-1: Foul Ball, location: 2F
2-2: Foul Ball, location: 2F
2-2: Ball
3-2: Fly out, F9 (Line Drive, 9, EV 102.5 MPH)
Batting: RHB Gong-sun Law 0-0: Called Strike
0-1: Foul Ball, location: 2F
0-2: Ball
1-2: Strikes out swinging
Bottom of the 4th over - 0 runs, 0 hits, 0 errors, 1 left on base; University of Miami 0 - University of Florida 2
TOP OF THE 5TH
University of Miami Hurricanes batting - Pitching for University of Florida Gators : LHP Bill White
Pitching: RHP Jeff Nadeau
Now at C: Jae-won Kwon
Now at 1B: Roy Davies
Now in LF: Penrod Winter
Now in CF: Juan Cadavid
Now in RF: Pat Justice
Batting: LHB Brian Woods 0-0: Ground out 4-3 (Groundball, 4, EV 80.0 MPH)
Batting: RHB Chris Zubia 0-0: Ball
1-0: Ball
2-0: Called Strike
2-1: Ball
3-1: Foul Ball, location: 2F
3-2: Ground out 5-3 (Groundball, 56, EV 98.1 MPH)
Batting: LHB Juan Zuniga 0-0: Swinging Strike
0-1: Foul Ball, location: 2F
0-2: Ball
1-2: Strikes out looking
Top of the 5th over - 0 runs, 0 hits, 0 errors, 0 left on base; University of Miami 0 - University of Florida 2
BOTTOM OF THE 5TH
University of Florida Gators batting - Pitching for University of Miami Hurricanes : RHP Alberto Arellano
Pitching: RHP Ernie Zepeda
Now at 2B: Drew Morgenstern
Batting: RHB Elliott Pye 0-0: Called Strike
0-1: Ball
1-1: Ball
2-1: Ball
3-1: Foul Ball, location: 2F
3-2: Base on Balls
Batting: RHB Juan Lopez 0-0: Ball
1-0: Foul Ball, location: 2F
1-1: Swinging Strike
1-2: Strikes out swinging
Batting: SHB Pat Justice 0-0: Called Strike
0-1: Ball
1-1: Ball
2-1: Fielders Choice at 2nd, 6-4 (Groundball, 6M, EV 101.2 MPH)
Batting: RHB Luis Cabera 0-0: Ground out 4-3 (Groundball, 4, EV 85.0 MPH)
Bottom of the 5th over - 0 runs, 0 hits, 0 errors, 1 left on base; University of Miami 0 - University of Florida 2
TOP OF THE 6TH
University of Miami Hurricanes batting - Pitching for University of Florida Gators : RHP Jeff Nadeau
Now at 3B: C.J. Clifford
Batting: RHB Justin Jackson 0-0: Swinging Strike
0-1: Ball
1-1: Called Strike
1-2: Strikes out looking
Batting: RHB Drew Morgenstern 0-0: Ground out 5-3 (Groundball, 5S, EV 81.2 MPH)
Pinch Hitting: RHB Tu Vo 0-0: Called Strike
0-1: Ball
1-1: Foul Ball, location: 2F
1-2: Fly out, F7 (Line Drive, 78S, EV 88.8 MPH)
Top of the 6th over - 0 runs, 0 hits, 0 errors, 0 left on base; University of Miami 0 - University of Florida 2
BOTTOM OF THE 6TH
University of Florida Gators batting - Pitching for University of Miami Hurricanes : RHP Ernie Zepeda
Now at C: Edward Purkis
Now at 1B: Chun-hak Ahn
Now at 3B: Addergoole Kartosuwiryo
Now at SS: Tu Vo
Now in CF: Mark Kerr
Batting: LHB Juan Cadavid 0-0: Ground out 2-3 (Groundball, 15S, EV 63.1 MPH)
Batting: RHB Jae-won Kwon 0-0: Foul Ball, location: 2F
0-1: Foul Ball, location: 2F
0-2: DOUBLE (Line Drive, 3D, EV 98.8 MPH)
Batting: LHB Roy Davies 0-0: Called Strike
0-1: Ball
1-1: Called Strike
1-2: Ball
2-2: Foul Ball, location: 2F
2-2: Ball
3-2: Base on Balls
Pitching: RHP Robin Kay
Batting: LHB Penrod Winter 0-0: Ball
1-0: Called Strike
1-1: Ball
2-1: Foul Ball, location: 2F
2-2: Strikes out swinging
Pinch Hitting: RHB Marco Morales 0-0: Swinging Strike
0-1: Hit by Pitch
Jae-won Kwon to third
Roy Davies to second
Pinch Hitting: RHB Manny Harrison 0-0: Ball
1-0: Ground out 5-3 (Groundball, 56S, EV 88.1 MPH)
Bottom of the 6th over - 0 runs, 1 hit, 0 errors, 3 left on base; University of Miami 0 - University of Florida 2
TOP OF THE 7TH
University of Miami Hurricanes batting - Pitching for University of Florida Gators : RHP Jeff Nadeau
Pitching: RHP Eddie Leniger
Now at 2B: Tokuichi Ishida
Now at SS: Marco Morales
Pinch Hitting: RHB Jonathan Gardner 0-0: Ball
1-0: Ball
2-0: Called Strike
2-1: Ground out 4-3 (Groundball, 4M, EV 79.4 MPH)
Pitching: LHP Alex Zepeda
Batting: LHB Addergoole Kartosuwiryo 0-0: Called Strike
0-1: Called Strike
0-2: Strikes out swinging
Pitching: RHP Marv Harris
Batting: RHB Leonardo Morales 0-0: Called Strike
0-1: Ball
1-1: Called Strike
1-2: Strikes out looking
Top of the 7th over - 0 runs, 0 hits, 0 errors, 0 left on base; University of Miami 0 - University of Florida 2
BOTTOM OF THE 7TH
University of Florida Gators batting - Pitching for University of Miami Hurricanes : RHP Robin Kay
Pitching: RHP Gerald Heemskerk
Now in LF: Jonathan Gardner
Batting: RHB C.J. Clifford 0-0: Fly out, F8 (Flyball, 8RM, EV 83.8 MPH)
Batting: SHB Pat Justice 0-0: Foul Ball, location: 2F
0-1: Foul Ball, location: 2F
0-2: Ball
1-2: Strikes out swinging
Batting: LHB Paul Martel 0-0: Ball
1-0: Ball
2-0: Foul Ball, location: 2F
2-1: Fly out, F8 (Flyball, 8RD, EV 81.2 MPH)
Bottom of the 7th over - 0 runs, 0 hits, 0 errors, 0 left on base; University of Miami 0 - University of Florida 2
TOP OF THE 8TH
University of Miami Hurricanes batting - Pitching for University of Florida Gators : RHP Marv Harris
Pinch Hitting: LHB Hector Salazar 0-0: Ball
1-0: SINGLE (Line Drive, 34, EV 99.4 MPH)
Batting: RHB Edward Purkis 0-0: Ball
1-0: Ball
2-0: Foul Ball, location: 2F
2-1: Foul Ball, location: 2F
2-2: Strikes out swinging
Pinch Hitting: SHB Steve Bailey 0-0: Ball
1-0: Ball
2-0: 2-RUN HOME RUN (Flyball, 7LD, EV 96.2 MPH), Distance : 360 ft
Pinch Hitting: RHB Sam Costello 0-0: Ball
1-0: Called Strike
1-1: Ball
2-1: Ground out 4-3 (Groundball, 4S, EV 80.0 MPH)
Batting: RHB Drew Morgenstern 0-0: Called Strike
0-1: Foul Ball, location: 2F
0-2: Ball
1-2: Foul Ball, location: 2F
1-2: Foul Ball, location: 2F
1-2: Strikes out swinging
Top of the 8th over - 2 runs, 2 hits, 0 errors, 0 left on base; University of Miami 2 - University of Florida 2
BOTTOM OF THE 8TH
University of Florida Gators batting - Pitching for University of Miami Hurricanes : RHP Gerald Heemskerk
Pitching: LHP Bert Anderson
Now at 1B: Alastair Cummings
Now in CF: Harry Labelle
Now in RF: Jaquan Dumas
Pinch Hitting: RHB Jay Rudacille 0-0: Swinging Strike
0-1: Foul Ball, location: 2F
0-2: Ball
1-2: Ball
2-2: Ball
3-2: Ground out 6-3 (Groundball, 6, EV 86.2 MPH)
Batting: RHB Jae-won Kwon 0-0: Foul Ball, location: 2F
0-1: Foul Ball, location: 2F
0-2: Ball
1-2: Ball
2-2: Ball
3-2: Base on Balls
Pinch Hitting: RHB Cyril Theophanous 0-0: DOUBLE (Groundball, 5L, EV 105.6 MPH)
Jae-won Kwon to third
Pinch Hitting: RHB Sumio Takahashi 0-0: Fly out, F8 (Flyball, 89M, EV 93.8 MPH)
Batting: RHB Marco Morales 0-0: Foul Ball, location: 2F
0-1: Swinging Strike
0-2: 3-RUN HOME RUN (Flyball, 78XD, EV 116.2 MPH), Distance : 456 ft
Pitching: RHP Kevin Marthaler
Batting: SHB Tokuichi Ishida 0-0: Swinging Strike
0-1: Ball
1-1: Ball
2-1: Foul Ball, location: 2F
2-2: Hit by Pitch
Batting: RHB C.J. Clifford 0-0: Ball
Wild Pitch!
Tokuichi Ishida to second
1-0: Swinging Strike
1-1: Called Strike
1-2: Strikes out swinging
Bottom of the 8th over - 3 runs, 2 hits, 0 errors, 1 left on base; University of Miami 2 - University of Florida 5
TOP OF THE 9TH
University of Miami Hurricanes batting - Pitching for University of Florida Gators : RHP Marv Harris
Pitching: RHP Shinshou Yamamoto
Now at 1B: Dave Newsome
Now in LF: Juan Moreno
Now in CF: Keith Kamerling
Pinch Hitting: LHB Rusty Craig 0-0: Ball
1-0: Ball
2-0: Ball
3-0: Called Strike
3-1: Base on Balls
Pinch Hitting: RHB Danny Diaz 0-0: Swinging Strike
0-1: Ball
1-1: Foul Ball, location: 2F
1-2: Strikes out swinging
Batting: LHB Addergoole Kartosuwiryo 0-0: Ball
1-0: Ball
2-0: Swinging Strike
2-1: Ball
3-1: Swinging Strike
3-2: Base on Balls
Rusty Craig to second
Batting: RHB Leonardo Morales 0-0: Ball
1-0: Ball
2-0: Ball
3-0: Called Strike
3-1: Base on Balls
Rusty Craig to third
Addergoole Kartosuwiryo to second
Batting: RHB Harry Labelle 0-0: Fly out, F9 (Flyball, 9S, EV 88.1 MPH)
Batting: RHB Edward Purkis 0-0: Ball
1-0: Called Strike
1-1: Foul Ball, location: 2F
1-2: Ball
2-2: Foul Ball, location: 2F
2-2: Strikes out looking
Top of the 9th over - 0 runs, 0 hits, 0 errors, 3 left on base; University of Miami 2 - University of Florida 5
Tuesday, March 28th , 2023 - OOTP Baseball 23.10 Build 110